 Dungeon Crawl Stone Soup version 0.28.0-1-gb440e238dd (webtiles) character file.

Game seed: 1474769384983263230

119 Ablot the Grasshopper (level 5, -6/43 HPs)
             Began as a Gnoll Warper on Feb 20, 2022.
             Mangled by Crazy Yiuf (11 damage)
             ... on level 3 of the Dungeon.
             The game lasted 00:04:00 (2240 turns).

Ablot the Grasshopper (Gnoll Warper)                Turns: 2240, Time: 00:04:02

Health: -6/43      AC:  4    Str: 13    XL:     5   Next: 3%
Magic:  11/12      EV: 14    Int: 12    God:
Gold:   57         SH:  0    Dex: 17    Spells: 12/14 levels left

rFire   . . .      SeeInvis .   y - +3 hunting sling
rCold   . . .      Faith    .   (no shield)
rNeg    . . .      Spirit   .   b - +0 leather armour
rPois   +          Reflect  .   (no helmet)
rElec   .          Harm     .   (no cloak)
rCorr   .          Rampage  .   v - +0 pair of gloves
Will    .....                   (no boots)
Stlth   ++........              i - amulet of regeneration
HPRegen 0.94/turn               n - +6 ring of dexterity
MPRegen 0.13/turn               o - ring of poison resistance

@: slowed, very slow
A: fangs 1, strong nose, distributed training
a: no special abilities


You were on level 3 of the Dungeon.
You visited 1 branch of the dungeon, and saw 3 of its levels.

You collected 57 gold pieces.

Inventory:

Hand Weapons
 a - a +0 spear
 y - a +3 hunting sling (weapon)
Missiles
 d - 5 boomerangs of dispersal
 e - 38 stones (quivered ammo)
 f - 2 poisoned darts
Armour
 b - a +0 leather armour (worn)
 v - a +0 pair of gloves (worn)
 x - a +2 kite shield
Jewellery
 i - an amulet of regeneration (around neck)
 n - a +6 ring of dexterity (left hand)
 o - a ring of poison resistance (right hand)
Scrolls
 c - a scroll of blinking
 h - a scroll of fear {unknown}
 l - 2 scrolls of teleportation {unknown}
 m - a scroll of noise {unknown}
 p - 2 scrolls of amnesia {unknown}
 r - a scroll of identify {unknown}
 s - a scroll of enchant armour {unknown}
 w - a scroll of enchant weapon {unknown}
Potions
 g - a potion of brilliance {unknown}
 j - a potion of might {unknown}
 k - 4 potions of curing {unknown}
 q - a potion of flight {unknown}
 t - a potion of lignification {unknown}
 u - a potion of cancellation {unknown}


   Skills:
 + Level 4.7 Fighting
 + Level 1.3 Short Blades
 + Level 1.3 Long Blades
 + Level 1.3 Axes
 + Level 1.3 Maces & Flails
 + Level 4.7 Polearms
 + Level 1.3 Staves
 + Level 1.3 Slings
 + Level 1.3 Bows
 + Level 1.3 Crossbows
 + Level 2.8 Throwing
 + Level 2.8 Armour
 + Level 4.7 Dodging
 + Level 1.3 Stealth
 + Level 1.3 Shields
 + Level 1.3 Unarmed Combat
 + Level 5.1 Spellcasting
 + Level 1.0 Conjurations
 + Level 1.0 Hexes
 + Level 1.0 Summonings
 + Level 1.0 Necromancy
 + Level 5.5 Translocations
 + Level 1.0 Transmutations
 + Level 1.0 Fire Magic
 + Level 1.0 Ice Magic
 + Level 1.0 Air Magic
 + Level 1.0 Earth Magic
 + Level 1.0 Poison Magic
 + Level 1.4 Invocations
 + Level 1.3 Evocations


You had 12 spell levels left.
You knew the following spells:

 Your Spells              Type           Power      Damage    Failure   Level
a - Blink                 Tloc           32%        N/A       4%          2

Your spell library contained the following spells:

 Spells                   Type           Power      Damage    Failure   Level
 Gell's Gravitas          Tloc           16%        N/A       8%          3
 Lesser Beckoning         Tloc           16%        N/A       8%          3
 Teleport Other           Tloc           16%        N/A       8%          3
 Manifold Assault         Tloc           16%        N/A       58%         5


Dungeon Overview and Level Annotations

Branches:
Dungeon (3/15)

Altars:
Makhleb

Annotations:
D:3 Crazy Yiuf


Innate Abilities, Weirdness & Mutations

You have very sharp teeth.
Your uncanny sense of smell can sniff out nearby items.
Your experience applies equally to all skills.


Message History

Crazy Yiuf is severely wounded.
You feel stable enough to blink again.
Fire: 42 stones
Press: ? - help, Q - select action, (/) - cycle Shift-Dir - straight line, f/p - Crazy Yiuf
Aim: Crazy Yiuf, wielding a +4 quarterstaff of chaos and wearing a +1 cloak of stealth (severely wounded, 69% to hit)
You shoot a stone.
The stone hits Crazy Yiuf but does no damage.
Crazy Yiuf is severely wounded.
Crazy Yiuf says, "Lay shrimp sizzlefizz!"
Crazy Yiuf hits you with a +4 quarterstaff of chaos!
Fire: 41 stones
Press: ? - help, Q - select action, (/) - cycle Shift-Dir - straight line, f/p - Crazy Yiuf
Aim: Crazy Yiuf, wielding a +4 quarterstaff of chaos and wearing a +1 cloak of stealth (severely wounded, 69% to hit)
You shoot a stone. The stone hits Crazy Yiuf.
Crazy Yiuf is severely wounded.
Crazy Yiuf hits you with a +4 quarterstaff of chaos!
You resist with some effort.
Crazy Yiuf hits you with a +4 quarterstaff of chaos!
You feel yourself slow down.
Unknown command.
Fire: 40 stones
Press: ? - help, Q - select action, (/) - cycle Shift-Dir - straight line, f/p - Crazy Yiuf
Aim: Crazy Yiuf, wielding a +4 quarterstaff of chaos and wearing a +1 cloak of stealth (severely wounded, 69% to hit)
You shoot a stone.
The stone hits Crazy Yiuf but does no damage.
Crazy Yiuf is severely wounded.
Crazy Yiuf barely misses you.
Unknown command.
Fire: 39 stones
Press: ? - help, Q - select action, (/) - cycle Shift-Dir - straight line, f/p - Crazy Yiuf
Aim: Crazy Yiuf, wielding a +4 quarterstaff of chaos and wearing a +1 cloak of stealth (black smoke, severely wounded, 69% to hit)
You shoot a stone.
The stone hits Crazy Yiuf but does no damage.
Crazy Yiuf is severely wounded.
Crazy Yiuf hits you with a +4 quarterstaff of chaos!
* * * LOW HITPOINT WARNING * * *
Crazy Yiuf freezes you.
* * * LOW HITPOINT WARNING * * *
Crazy Yiuf hits you with a +4 quarterstaff of chaos!
You die...

#.......## ##.#.....# ##..#
##.####.## ##.≈...(####...##
...# #.# #≈≈≈≈≈≈≈##..#..# ####
#.## ###..........###.# #..##
#§≈≈≈≈.≈≈≈≈≈..#..#
#######.#.###≈####(####≈#....#
#............##≈§≈(≈≈§#####..#
#.#####.#...##⌠§§g..§≈§# #..#
#.# #.##.####≈@._..§#####..#
#.# #.##.# #§§§.§..§⌠#.....#
#.# ##.##.# ##≈§≈§§§§##....>#
#.####..##.######⌠#⌠####.....#
....<.........####### #....(#
#..............###.# #....(#
######.##....##.##.# ###.### #
#.............# #.# #
#..#....##.#..# #.#


You could see Crazy Yiuf.

Vanquished Creatures
  A howler monkey (D:3)
  Terence (D:2)
  An adder (D:2)
  A worm (D:3)
  3 orcs (D:3)
  3 endoplasms
  4 giant cockroaches
  2 goblins
  2 hobgoblins
  2 jackals (D:3)
  4 ball pythons
  5 bats
  4 frilled lizards
  4 kobolds
  A rat (D:2)
38 creatures vanquished.

Notes
Turn   | Place    | Note
-------+----------+-------------------------------------------
     0 | D:1      | Ablot the Gnoll Warper began the quest for the Orb.
     0 | D:1      | Reached XP level 1. HP: 20/20 MP: 6/6
   218 | D:1      | Reached XP level 2. HP: 26/26 MP: 7/7
   227 | D:1      | Learned a level 2 spell: Blink
   555 | D:2      | Found a faded altar of an unknown god.
   566 | D:2      | Noticed Terence
   606 | D:2      | Killed Terence
   607 | D:2      | Reached skill level 5 in Spellcasting
   607 | D:2      | Reached skill level 1 in Invocations
   607 | D:2      | Reached XP level 3. HP: 22/31 MP: 7/9
   651 | D:2      | Reached skill level 1 in Short Blades
   651 | D:2      | Reached skill level 1 in Long Blades
   651 | D:2      | Reached skill level 1 in Axes
   651 | D:2      | Reached skill level 1 in Maces & Flails
   651 | D:2      | Reached skill level 1 in Staves
   651 | D:2      | Reached skill level 1 in Slings
   651 | D:2      | Reached skill level 1 in Bows
   651 | D:2      | Reached skill level 1 in Crossbows
   651 | D:2      | Reached skill level 1 in Stealth
   651 | D:2      | Reached skill level 1 in Shields
   651 | D:2      | Reached skill level 1 in Unarmed Combat
   651 | D:2      | Reached skill level 1 in Evocations
  1055 | D:2      | Reached XP level 4. HP: 38/38 MP: 11/11
  1618 | D:3      | Reached skill level 1 in Conjurations
  1618 | D:3      | Reached skill level 1 in Hexes
  1618 | D:3      | Reached skill level 1 in Summonings
  1618 | D:3      | Reached skill level 1 in Necromancy
  1618 | D:3      | Reached skill level 1 in Transmutations
  1618 | D:3      | Reached skill level 1 in Fire Magic
  1618 | D:3      | Reached skill level 1 in Ice Magic
  1618 | D:3      | Reached skill level 1 in Air Magic
  1618 | D:3      | Reached skill level 1 in Earth Magic
  1618 | D:3      | Reached skill level 1 in Poison Magic
  1725 | D:3      | Found a burning altar of Makhleb.
  1800 | D:3      | Reached XP level 5. HP: 43/43 MP: 12/12
  1926 | D:3      | Found a runed translucent door.
  1927 | D:3      | Noticed Crazy Yiuf
  2240 | D:3      | Mangled by Crazy Yiuf

Illustrated notes

Levels and vault maps discovered:
D:1:      lightli_molten_gateway, layout_rooms
D:2:      layout_basic, basic_ecumenical_altar, kennysheep_boxes, uniq_terence
D:3:      layout_loops_ring, lightli_temple_of_fire, serial_rivers,
          chequers_serial_rivers_micro_b, chequers_serial_rivers_room_a,
          chequers_serial_rivers_micro_a, chequers_serial_rivers_room_a,
          chequers_serial_rivers_room_a, chequers_serial_rivers_micro_e,
          uniq_crazy_yiuf_cottage

Skill      XL: |  1  2  3  4 |
---------------+-------------+-----
Spellcasting   | 5 |  5.1
Invocations    | 1 |  1.4
Short Blades   | 1 |  1.3
Long Blades    | 1 |  1.3
Axes           | 1 |  1.3
Maces & Flails | 1 |  1.3
Staves         | 1 |  1.3
Slings         | 1 |  1.3
Bows           | 1 |  1.3
Crossbows      | 1 |  1.3
Stealth        | 1 |  1.3
Shields        | 1 |  1.3
Unarmed Combat | 1 |  1.3
Evocations     | 1 |  1.3
Conjurations   | 1 |  1.0
Hexes          | 1 |  1.0
Summonings     | 1 |  1.0
Necromancy     | 1 |  1.0
Transmutations | 1 |  1.0
Fire Magic     | 1 |  1.0
Ice Magic      | 1 |  1.0
Air Magic      | 1 |  1.0
Earth Magic    | 1 |  1.0
Poison Magic   | 1 |  1.0
Fighting       | |  4.7
Polearms       | |  4.7
Throwing       | |  2.8
Armour         | |  2.8
Dodging        | |  4.7
Translocations | |  5.5

Action                   |  1- 3 |  4- 6 || total
-------------------------+-------+-------++-------
Melee: Spear             |   104 |    67 ||   171
       Bite              |     8 |     7 ||    15
       Punch             |     1 |     1 ||     2
 Fire: Hunting sling     |       |    10 ||    10
 Cast: Blink             |     1 |     2 ||     3
 Stab: Sleeping          |     1 |     2 ||     3
Armor: Leather armour    |    13 |     5 ||    18
Dodge: Dodged            |    52 |    29 ||    81
